[Event "*** Titled Tuesday Blitz"]
[Site "Chess.com"]
[Date "2020.05.26"]
[Round "3"]
[White "cancrushyou"]
[Black "EvgenyRomanov"]
[Result "1-0"]
[WhiteElo "2428"]
[BlackElo "2655"]
[TimeControl "180+1"]
[EndTime "10:28:15 PDT"]
[Termination "cancrushyou won by resignation"]

1. d4 d5 2. c4 c6 3. cxd5 cxd5 4. Bf4 Nc6 5. Nc3 Nf6 6. e3 e6 7. Bd3 Be7 8. Nf3 O-O 9. h3 Bd7 10. O-O Qa5 11. a3 Rfc8 12. b4 Qd8 13. Qb3 Be8 14.
Rfc1 Nd7 15. Na4 h6 16. Rab1 f6 17. e4 Bf7 18. exd5 exd5 19. Bf5 b6 20. Bd3 a5 21.
Bb5 Ncb8 22. Rxc8 Qxc8 23. Rc1 Qf8 24. Bxb8 Nxb8 25. Nxb6 Ra7 26. Rc8 Bd8 27. Rxb8 Qd6 28. Rxd8+ Qxd8 29. Na4 axb4 30. axb4 Qe7 31. Nc5 Ra1+ 32.
Kh2 Qd6+ 33. g3 Bh5 34. Be2 Kh8 35. b5 Qe7 36. Qd3 Rc1 37. g4 Be8 38. b6 Qd6+ 39. Kg2 Qxb6 40. Qe3 Qd6 41. Qxe8+ Kh7 42. Bd3+ f5 43.
Bxf5+ g6 44. Qf7+ Kh8 45. Bxg6 1-0

[Event "*** Titled Tuesday Blitz"]
[Site "Chess.com"]
[Date "2020.05.26"]
[Round "3"]
[White "witcher8"]
[Black "GelmanAlexander"]
[Result "1-0"]
[WhiteElo "2393"]
[BlackElo "2555"]
[TimeControl "180+1"]
[EndTime "10:28:15 PDT"]
[Termination "witcher8 won by resignation"]

1. e4 c5 2. Nc3 e6 3. f4 a6 4. a4 d6 5. Nf3 b6 6. Bc4 Nf6 7. O-O Bb7 8. f5 d5 9. fxe6 dxc4 10.
exf7+ Kxf7 11. e5 Be7 12. exf6 Bxf6 13. Qe2 Re8 14. Qxc4+ Kf8 15. d3 Nc6 16. Bg5 Nd4 17. Bxf6 gxf6 18. Ng5 Qe7 19. Rae1 Qg7 20. Nce4 Bxe4 21.
Nxe4 Re6 22. c3 Rae8 23. cxd4 Kg8 24. d5 Re5 25. d6+ Kh8 26. Qc3 f5 27. Ng3 f4 28.
Rxe5 Rxe5 29. Rxf4 Rd5 30. Qxg7+ Kxg7 31. Re4 Rxd3 32. Re7+ Kf6 33. Rxh7 Rd1+ 34. Kf2 Ke6 35. Ke2 Rb1 36. Rh6+ Kd7 37. Nf5 Kc6 38. Rh7 Rxb2+ 39. Kf3 Rb3+ 40. Kf4 Rb4+ 41. Kg5 c4 42. Rc7+ Kd5 43.
d7 c3 44. d8=Q+ 1-0

[Event "*** Titled Tuesday Blitz"]
[Site "Chess.com"]
[Date "2020.05.26"]
[Round "3"]
[White "Rodalquilar"]
[Black "Enriquack"]
[Result "0-1"]
[WhiteElo "2616"]
[BlackElo "2344"]
[TimeControl "180+1"]
[EndTime "10:28:17 PDT"]
[Termination "Enriquack won on time"]

1. d4 Nf6 2. c4 g6 3. Nc3 d5 4. cxd5 Nxd5 5. Bd2 Nb6 6. e3 Bg7 7. f4 O-O 8. Nf3 N8d7 9. Ne4 Nf6 10. Nc5 Nbd7 11. Nxd7 Bxd7 12. Bd3 c5 13. dxc5 Bc6 14.
Qc2 Rc8 15. O-O Qd5 16. Bc4 Qh5 17. b4 Be4 18. Qb3 a5 19. a3 e6 20. h3 Rfd8 21. Rad1 axb4 22. axb4 Nd5 23. Bc1 Bf6 24. Rde1 b6 25. Ba6 Rc7 26. cxb6 Nxb6 27. Bb2 Bxb2 28.
Qxb2 Nc4 29. Bxc4 Rxc4 30. Ne5 Rc2 31. Qxc2 Bxc2 32. Ng4 Kg7 33. e4 Qb5 34. f5 exf5 35. exf5 Bxf5 36. Ne3 Be6 37. Rb1 Rd2 38. Kh1 h5 39.
Rfe1 h4 40. Nf1 Rf2 41. Ne3 Qb7 42. Rg1 Bxh3 43. b5 Be6 44. b6 h3 45. Kh2 hxg2 46. Kg3 Rf3+ 0-1

[Event "*** Titled Tuesday Blitz"]
[Site "Chess.com"]
[Date "2020.05.26"]
[Round "3"]
[White "BogdanBelyakov89"]
[Black "TokChess"]
[Result "1-0"]
[WhiteElo "2628"]
[BlackElo "2313"]
[TimeControl "180+1"]
[EndTime "10:28:17 PDT"]
[Termination "BogdanBelyakov89 won on time"]

1. e4 d6 2. d4 Nf6 3. Nc3 Nbd7 4. Nf3 e5 5. Bc4 Be7 6. O-O O-O 7. Re1 a6 8. a4 b6 9. h3 Bb7 10. d5 Nh5 11.
Bf1 g6 12. a5 b5 13. b4 Ndf6 14. Bh6 Ng7 15. g4 Kh8 16. Bd3 Ng8 17. Bxg7+ Kxg7 18. Ne2 Bc8 19. Ng3 Bh4 20. Nxh4 Qxh4 21. Kg2 h5 22. f3 Ne7 23. Rc1 Rh8 24. Rh1 f5 25. c4 bxc4 26. Rxc4 Ra7 27. exf5 gxf5 28. gxf5 Qf6 29.
Ne4 Qxf5 30. Nxd6 Qg5+ 31. Kf2 Kf8 32. Rg1 Qf6 33. Nxc8 Nxc8 34. Qc1 Nd6 35. Rxc7 Qh4+ 36. Ke2 Ra8 37. Qc5 Rd8 38. Rc8 Rh6 39. Rxd8+ Qxd8 40.
Rg6 Rxg6 41. Bxg6 h4 42. Bd3 Kg7 43. Bxa6 Qf6 44. Bd3 1-0

[Event "*** Titled Tuesday Blitz"]
[Site "Chess.com"]
[Date "2020.05.26"]
[Round "3"]
[White "Baronessa08"]
[Black "mr65"]
[Result "1-0"]
[WhiteElo "2409"]
[BlackElo "2193"]
[TimeControl "180+1"]
[EndTime "10:28:17 PDT"]
[Termination "Baronessa08 won by resignation"]

1. c4 Nf6 2. Nc3 g6 3. g3 Bg7 4.
Bg2 O-O 5. e4 d6 6. Nge2 c5 7.
O-O Be6 8. d3 Qd7 9. Nf4 Nc6 10.
Nxe6 Qxe6 11. h3 Rab8 12. Be3 Nd4 13. Bxd4 cxd4 14. Nb5 a6 15. Nxd4 Qe5 16. Nc2 Qxb2 17. a3 Nd7 18. Rb1 Qc3 19. Qe2 Nc5 20. Rfd1 b5 21. d4 Na4 22. cxb5 axb5 23. Rd3 Qc4 24. Qd2 Rfc8 25. Ne3 Qc7 26. Nd5 Qd8 27. Rdb3 e6 28.
Ne3 Qc7 29. d5 Nc3 30. Rf1 exd5 31. Nxd5 Nxd5 32. Qxd5 Qc4 33. Rfb1 Qxd5 34. exd5 Ra8 35. Bf1 Ra5 36. Bxb5 Rca8 37. a4 Bd4 38. Bc6 Bc5 39.
Kg2 h5 40. Rb7 Re8 41. R1b3 1-0

[Event "*** Titled Tuesday Blitz"]
[Site "Chess.com"]
[Date "2020.05.26"]
[Round "3"]
[White "Manukyan_Artak"]
[Black "Gandrade2"]
[Result "1-0"]
[WhiteElo "2286"]
[BlackElo "2013"]
[TimeControl "180+1"]
[EndTime "10:28:17 PDT"]
[Termination "Manukyan_Artak won on time"]

1. e4 c5 2. Nf3 g6 3. c3 d5 4.
exd5 Qxd5 5. d4 Bg7 6. dxc5 Qxc5 7. Be3 Qc7 8. Na3 a6 9. Nc4 Nd7 10. a4 Ngf6 11. Be2 O-O 12. a5 Ng4 13. Bd4 e5 14. Bb6 Nxb6 15. axb6 Qc6 16. Qd6 Qxd6 17. Nxd6 e4 18.
Nd4 e3 19. f3 Nf6 20. O-O Nd5 21. Rfe1 Rd8 22. Nxc8 Raxc8 23. Ra4 Nxb6 24. Rb4 Bxd4 25.
cxd4 Nd5 26. Rxb7 Rb8 27. Bxa6 Rxb7 28. Bxb7 Nb4 29. Rxe3 Rxd4 30. Be4 Rd1+ 31. Kf2 Na6 32. Rc3 Nb4 33. Rb3 Na6 34. Rb5 Rd2+ 35. Kg3 Rd6 36. h4 Nc7 37. Rb7 Ne6 38. b4 Nd4 39. b5 f5 40. Bd3 Ne6 41. Bc4 f4+ 42. Kg4 h5+ 43. Kh3 Kf8 44. Bxe6 Rxe6 45. b6 Re1 46.
Kh2 Rb1 47. Rb8+ 1-0

[Event "*** Titled Tuesday Blitz"]
[Site "Chess.com"]
[Date "2020.05.26"]
[Round "3"]
[White "stoleriu"]
[Black "GMSrinath"]
[Result "1/2-1/2"]
[WhiteElo "2557"]
[BlackElo "2819"]
[TimeControl "180+1"]
[EndTime "10:28:18 PDT"]
[Termination "Game drawn - insufficient material"]

1. e4 c5 2. Nf3 d6 3. Bb5+ Nd7 4.
d4 cxd4 5. Qxd4 a6 6. Bxd7+ Bxd7 7. c4 Rc8 8. O-O e5 9. Qd3 h6 10. Nc3 Nf6 11. b3 Be7 12. Ba3 Qa5 13. Bb2 O-O 14. Rfd1 b5 15. cxb5 axb5 16. a3 Be6 17. b4 Qa8 18. Nd2 d5 19. exd5 Nxd5 20. Nxd5 Bxd5 21. f3 Rfd8 22. Bxe5 Bc4 23. Qe4 Bg5 24. Qxa8 Rxa8 25.
Nxc4 Rxd1+ 26. Rxd1 bxc4 27. f4 Be7 28. Rd7 Bf8 29. Rc7 Rxa3 30. Rc8 Rd3 31. b5 f6 32. b6 fxe5 33. b7 Rb3 34. b8=Q Rxb8 35. Rxb8 exf4 36. Rc8 Kf7 37. Rxc4 g5 38. Kf2 Kg6 39. Kf3 Kf5 40. g3 fxg3 41. hxg3 h5 42. Ra4 Bd6 43. Ra5+ Be5 44.
Rb5 Kf6 45. g4 hxg4+ 46. Kxg4 Bf4 47. Rb6+ Ke5 48. Rb7 Kf6 49. Rh7 Ke6 50. Rh1 Kf6 51. Re1 Bd2 52. Re2 Bf4 53. Re4 Bd2 54. Rd4 Be3 55. Rd3 Bf4 56. Rd5 Ke6 57. Rf5 Be3 58. Rxg5 Bxg5 1/2-1/2

[Event "*** Titled Tuesday Blitz"]
[Site "Chess.com"]
[Date "2020.05.26"]
[Round "3"]
[White "DenLaz"]
[Black "KacperPolOK"]
[Result "1/2-1/2"]
[WhiteElo "2656"]
[BlackElo "2419"]
[TimeControl "180+1"]
[EndTime "10:28:18 PDT"]
[Termination "Game drawn - insufficient material"]

1. e4 e6 2. d4 d5 3. Nd2 Nf6 4. e5 Nfd7 5. Bd3 c5 6. c3 Nc6 7. Ngf3 cxd4 8. cxd4 Qb6 9. O-O Nxd4 10. Nxd4 Qxd4 11. Nf3 Qb6 12. Qa4 Be7 13. Qg4 g6 14. a3 Nc5 15. Bc2 Bd7 16. b4 Ne4 17. Be3 Qa6 18. Bxe4 dxe4 19. Qxe4 Bc6 20. Qf4 Bxf3 21.
Qxf3 O-O 22. g3 Rfd8 23. h4 Rd5 24. Bf4 Rad8 25. h5 Qd3 26. Qg4 Qf5 27. Qxf5 gxf5 28. Rac1 Kg7 29. Rc7 R8d7 30. Rfc1 a6 31. Kg2 Bd8 32.
Rxd7 Rxd7 33. h6+ Kg6 34. Rc8 f6 35. exf6 Kxf6 36. Be3 Kg6 37. Kf3 e5 38. a4 Kh5 39. b5 axb5 40. axb5 Bg5 41. Rc5 Bxe3 42. Kxe3 Re7 43. f4 exf4+ 44. Kxf4 Kxh6 45. Rxf5 Kg6 46. Rd5 Rf7+ 47. Ke4 h5 48. Rd8 Kf6 49. Kd5 Kg5 50. Rg8+ Kf5 51. Kc5 Ke4 52. Kb6 Kf3 53. Rg5 Rh7 54. Ka7 Kg2 55. b6 Kf3 56. Rg8 Kg2 57.
Rb8 Kxg3 58. Rxb7 Rxb7+ 59. Kxb7 h4 60. Kc6 h3 61. b7 h2 62. b8=Q+ Kg2 63. Qg8+ Kh1 64.
Qa8 Kg1 65. Qa7+ Kg2 66. Qa2+ Kg1 67. Qb1+ Kg2 68. Qc2+ Kg1 69. Qg6+ Kh1 70. Qf5 Kg1 71. Qg4+ Kh1 72. Qh3 Kg1 73. Qg3+ Kh1 74. Qe1+ Kg2 75. Qe2+ Kg1 76. Qd1+ Kg2 77. Kd5 h1=Q 78. Qxh1+ Kxh1 1/2-1/2

[Event "*** Titled Tuesday Blitz"]
[Site "Chess.com"]
[Date "2020.05.26"]
[Round "3"]
[White "Djager97"]
[Black "swisspower96"]
[Result "0-1"]
[WhiteElo "2389"]
[BlackElo "2593"]
[TimeControl "180+1"]
[EndTime "10:28:18 PDT"]
[Termination "swisspower96 won by resignation"]

1. e4 c5 2. Nf3 Nc6 3. d4 cxd4 4. Nxd4 Nf6 5. Nc3 e5 6. Ndb5 d6 7. Bg5 a6 8. Na3 b5 9. Nd5 Be7 10. Bxf6 Bxf6 11. c4 b4 12. Nc2 O-O 13. g3 Bg5 14. Bg2 Be6 15. O-O a5 16. b3 g6 17. Qd3 Bh6 18.
Rad1 Ra7 19. Kh1 Rd7 20. f4 f5 21. exf5 Bxf5 22. Be4 Bh3 23. Rf2 Rdf7 24. Nde3 exf4 25. Bxc6 fxe3 26. Rxf7 Rxf7 27. Bd5 Qe7 28. Re1 Bf5 29. Rxe3 Bxe3 30. Qxe3 Qxe3 31. Nxe3 Bb1 32. c5 dxc5 33. Nc4 Kg7 34. Bxf7 Kxf7 35. Nxa5 Ke6 36. Kg2 Bxa2 37.
Kf3 Kd5 38. Ke3 Bb1 39. Nc4 Bc2 40. Nd2 Bd1 41. h4 h6 42. Kd3 g5 43. hxg5 hxg5 44. Ke3 Bc2 45. g4 Bd1 46. Ne4 Bxb3 47. Nxg5 Bd1 48. Nh7 b3 49. Kd2 b2 50. Nf6+ Kd4 0-1

[Event "*** Titled Tuesday Blitz"]
[Site "Chess.com"]
[Date "2020.05.26"]
[Round "3"]
[White "penguingm1"]
[Black "Doraemon7"]
[Result "1-0"]
[WhiteElo "2864"]
[BlackElo "2633"]
[TimeControl "180+1"]
[EndTime "10:28:19 PDT"]
[Termination "penguingm1 won by resignation"]

1. d4 d5 2. Bf4 Nf6 3. e3 e6 4.
Nf3 c5 5. Nbd2 Bd6 6. c3 O-O 7. Bd3 Bxf4 8. exf4 Qb6 9. dxc5 Qxc5 10. O-O Nc6 11. Re1 Rd8 12. Qe2 Bd7 13. Rad1 a5 14. Nb3 Qd6 15. g3 a4 16. Nbd4 Qc5 17. a3 Nxd4 18.
Nxd4 Qc7 19. Bc2 Bc6 20. Qf3 Re8 21. Re5 Nd7 22. Rh5 g6 23. Rh4 Qd8 24. Qg4 Qf6 25. Qh3 Qg7 26. Re1 Nf6 27. g4 Ne4 28. Bxe4 dxe4 29.
Qe3 Bd5 30. Rh3 Rad8 31. Qg3 Bc4 32. Qh4 Bd3 33. Rg3 Rd5 34. f5 g5 35. Qh5 e5 36. f6 Qg6 37. Nf5 Qxf6 38. h4 Qg6 39. hxg5 Qxh5 40. gxh5 Kh8 41. Kg2 Rg8 42. Kh3 Rb5 43. Nd6 Rxb2 44. Nxf7+ Kg7 45. Nxe5 Rd8 46.
f4 Rb3 47. f5 Rxc3 48. f6+ Kf8 49. g6 hxg6 50. hxg6 Kg8 51. g7 Rc7 52. Kg4 Re8 53.
Kf4 Rd8 54. Rh1 1-0

[Event "*** Titled Tuesday Blitz"]
[Site "Chess.com"]
[Date "2020.05.26"]
[Round "3"]
[White "rpragchess"]
[Black "Paladin61"]
[Result "0-1"]
[WhiteElo "2833"]
[BlackElo "2632"]
[TimeControl "180+1"]
[EndTime "10:28:19 PDT"]
[Termination "Paladin61 won by resignation"]

1. Nf3 Nf6 2. g3 g6 3. b4 Bg7 4. Bb2 d6 5. c4 O-O 6. d3 e5 7. Nfd2 Be6 8. Bg2 Qc8 9. O-O Bh3 10. Nc3 Bxg2 11. Kxg2 Nc6 12. b5 Nd4 13. e3 Ne6 14. a4 h5 15. h4 Qd7 16. Qe2 Rae8 17. Ba3 Ng4 18. Rab1 f5 19. f3 Nd4 20. exd4 exd4 21.
fxg4 Rxe2+ 22. Nxe2 hxg4 23. Nf4 Bh6 24. Rbe1 Re8 25. Nb3 Re3 26. Rxe3 dxe3 27. Re1 Bxf4 28. gxf4 Qg7 29. d4 Qe7 30. Kg3 Qe4 31. Bb4 Qf3+ 32. Kh2 Qf2+ 33. Kh1 Qxh4+ 34. Kg2 Qf2+ 35. Kh1 g3 0-1

[Event "*** Titled Tuesday Blitz"]
[Site "Chess.com"]
[Date "2020.05.26"]
[Round "3"]
[White "anon569"]
[Black "GMStefanova"]
[Result "0-1"]
[WhiteElo "2265"]
[BlackElo "2622"]
[TimeControl "180+1"]
[EndTime "10:28:19 PDT"]
[Termination "GMStefanova won by checkmate"]

1. e4 c6 2. d4 d5 3. Nc3 dxe4 4.
Nxe4 Nf6 5. Nxf6+ exf6 6. Nf3 Bd6 7. Be3 O-O 8. Qd2 Be6 9. Bd3 Re8 10. O-O Nd7 11. h3 Nf8 12. Rfe1 Ng6 13. c4 Bc7 14. Rad1 Qd6 15. Qc2 Rad8 16. d5 cxd5 17. cxd5 Bc8 18. Bb5 Ne5 19. Bxe8 Nxf3+ 20. gxf3 Qh2+ 21. Kf1 Rxe8 22.
Rc1 Bxh3+ 23. Ke2 Bb6 24. Kd1 g6 25. Bxb6 Rxe1+ 26. Kxe1 axb6 27. Qe2 Qd6 28. Qe4 Bf5 29. Qd4 Kg7 30. Kd1 h5 31. Rc3 h4 32. f4 h3 33. Rc1 h2 34. Kd2 b5 35. Rh1 Qa6 36. a3 b4 37. axb4 Bg4 38. Rxh2 Qe2+ 39. Kc3 Bf5 40. Qd3 Qxd3# 0-1

[Event "*** Titled Tuesday Blitz"]
[Site "Chess.com"]
[Date "2020.05.26"]
[Round "3"]
[White "BIG_Pirate"]
[Black "Moon_stone123"]
[Result "0-1"]
[WhiteElo "2323"]
[BlackElo "2526"]
[TimeControl "180+1"]
[EndTime "10:28:19 PDT"]
[Termination "Moon_stone123 won on time"]

1. Nf3 Nf6 2. c4 g6 3. Nc3 Bg7 4. g3 O-O 5. Bg2 Nc6 6. O-O d6 7. Rb1 a5 8. a3 e5 9. d3 Re8 10.
Bg5 h6 11. Bxf6 Bxf6 12. b4 axb4 13. axb4 Bg7 14. b5 Ne7 15. Ne1 f5 16. Qb3 Kh8 17. Nc2 Rb8 18. Nb4 Be6 19. Nbd5 Bxd5 20. Nxd5 Nxd5 21.
Bxd5 Qf6 22. Rfc1 e4 23. e3 Kh7 24. Qc2 h5 25. dxe4 fxe4 26. Bxe4 Rf8 27. h4 Bh6 28. Bg2 Rbe8 29. Bxb7 Bxe3 30. fxe3 Rxe3 31. Rf1 Rxg3+ 32. Bg2 Qd4+ 33. Kh2 Qxh4+ 34. Kg1 Qd4+ 35. Rf2 h4 36. Qd2 Qc5 37. Rf1 h3 38. Kh2 Rxg2+ 39. Rxg2 hxg2 40.
Kxg2 Rxf1 41. Kxf1 Qxc4+ 42. Kg1 Qxb5 0-1

[Event "*** Titled Tuesday Blitz"]
[Site "Chess.com"]
[Date "2020.05.26"]
[Round "3"]
[White "Malysch"]
[Black "yobdc"]
[Result "1/2-1/2"]
[WhiteElo "2454"]
[BlackElo "2048"]
[TimeControl "180+1"]
[EndTime "10:28:19 PDT"]
[Termination "Game drawn by repetition"]

1. d4 Nf6 2. c4 c6 3. Nf3 d5 4.
Qc2 g6 5. Bf4 Bf5 6. Qb3 Qb6 7. e3 Bxb1 8. Rxb1 e6 9. Be2 Qxb3 10.
axb3 Bb4+ 11. Kd1 Nbd7 12. Kc2 Ne4 13. Rhf1 f6 14. Ne1 g5 15. Bg3 h5 16. Nd3 Be7 17. f3 Nxg3 18. hxg3 h4 19. Rh1 Kf7 20. gxh4 gxh4 21. Rh2 f5 22. Rbh1 Rhg8 23. f4 Rg3 24.
Bh5+ Kg7 25. Bf3 Rc8 26. Kd2 Rh8 27. Ke2 Nb6 28. Ne5 Bf6 29. Kd3 Rd8 30. Rh3 Rxh3 31. gxh3 Bxe5 32. Rg1+ Kh7 33. fxe5 Rg8 34. Rxg8 Kxg8 35.
c5 Nc8 36. Bh5 Ne7 37. Ke2 Kg7 38. Kf3 Ng6 39. Bxg6 Kxg6 40. Kg2 Kg5 41. Kf3 a5 42. Ke2 f4 43. Kf3 fxe3 44. Kxe3 Kf5 45. Kf3 Kg5 46.
Ke3 Kf5 47. Kf3 Kg5 48. Ke3 1/2-1/2

[Event "*** Titled Tuesday Blitz"]
[Site "Chess.com"]
[Date "2020.05.26"]
[Round "3"]
[White "hectorfiori"]
[Black "PetrolulSah"]
[Result "0-1"]
[WhiteElo "2399"]
[BlackElo "2202"]
[TimeControl "180+1"]
[EndTime "10:28:19 PDT"]
[Termination "PetrolulSah won by resignation"]

1. e4 e5 2. Nf3 Nf6 3. Nxe5 d6 4.
Nf3 Nxe4 5. Nc3 Nxc3 6. dxc3 Bf5 7. Bf4 Nc6 8. Qd2 Be7 9. O-O-O Qd7 10. h3 h5 11. Bb5 O-O-O 12. Rhe1 Bf6 13. Qd5 Be6 14. Bxc6 Qxc6 15. Qxc6 bxc6 16. Ng5 Bxa2 17. b3 Bxc3 18. Re4 f6 19. Nf3 Rde8 20. Ra4 Bxb3 21. cxb3 Re2 22. Be3 Re8 23. Rxa7 Kd7 24. Rd3 Be5 25. Nxe5+ Rxe5 26. Kd1 Rb2 27. Ra3 Rb5 28. Kc1 Re2 29. Rd2 Re1+ 30.
Kc2 h4 31. Ra4 g5 32. Rd1 Re2+ 33. Kd3 Rb2 34. Rc1 R2xb3+ 35. Rc3 Rxc3+ 36. Kxc3 c5 37. Ra8 Rb1 38. g3 Rh1 39. gxh4 gxh4 40. Rf8 Ke7 41.
Rc8 Kd7 42. Rf8 Ke7 43. Rh8 Rxh3 44. Kd3 Rh1 45. Ke4 Ke6 46. Re8+ Kd7 47. Rh8 c4 48. Kd4 h3 49. Kxc4 h2 50. Kd3 Rd1+ 0-1

[Event "*** Titled Tuesday Blitz"]
[Site "Chess.com"]
[Date "2020.05.26"]
[Round "3"]
[White "attack2mateU"]
[Black "LyonBeast"]
[Result "0-1"]
[WhiteElo "2670"]
[BlackElo "2960"]
[TimeControl "180+1"]
[EndTime "10:28:20 PDT"]
[Termination "LyonBeast won by resignation"]

1. e4 c6 2. Nc3 d5 3. Nf3 Bg4 4. h3 Bh5 5. exd5 cxd5 6. Bb5+ Nc6 7. g4 Bg6 8. Ne5 Rc8 9. d4 e6 10. Be3 Bd6 11. f4 Ne7 12. h4 h5 13. Nxg6 Nxg6 14. gxh5 Nxf4 15. Bxf4 Bxf4 16. Qg4 Bh6 17. O-O O-O 18.
Bxc6 bxc6 19. Na4 Rb8 20. b3 Qd6 21. Kg2 e5 22. dxe5 Qxe5 23. Rae1 Qd6 24. Qg3 Qd8 25. Nc5 Rb4 26. Nd3 Rxh4 27. Ne5 Rxh5 28. Nf3 Qc8 29.
Rh1 Qf5 30. Rxh5 Qxh5 31. Re7 Qf5 32. Rxa7 Qxc2+ 33. Qf2 Qxf2+ 34. Kxf2 Re8 35. Rc7 Be3+ 36. Kg2 Bf4 37. Rxc6 Re2+ 38. Kh3 Rxa2 39. Kg4 Be3 40. Rd6 d4 41. Kf5 Ra5+ 42. Ke4 Rb5 43. Rd8+ Kh7 44.
Ne5 f6 45. Nd3 f5+ 46. Kf3 Rxb3 47. Nc5 Rc3 48. Rd5 Kg6 49. Ke2 Rc2+ 50. Kf3 Rf2+ 51. Kg3 f4+ 52. Kg4 Rg2+ 53. Kf3 Rg3+ 54. Ke4 f3 55.
Nd3 f2 56. Rd6+ Kh7 0-1

[Event "*** Titled Tuesday Blitz"]
[Site "Chess.com"]
[Date "2020.05.26"]
[Round "3"]
[White "Nathan_Filgueiras"]
[Black "MFguimaraes"]
[Result "1/2-1/2"]
[WhiteElo "2325"]
[BlackElo "2514"]
[TimeControl "180+1"]
[EndTime "10:28:20 PDT"]
[Termination "Game drawn by repetition"]

1. e4 e5 2. Nf3 Nc6 3. Bc4 Nf6 4. d3 h6 5. O-O Bc5 6. Re1 d6 7. c3 a6 8. Bb3 O-O 9. Nbd2 Re8 10.
Nf1 Be6 11. Bxe6 fxe6 12. Be3 Bxe3 13. Rxe3 d5 14. Re1 Qd6 15. Ng3 Rad8 16. Qe2 d4 17. Rad1 Qc5 18. Rc1 Qa5 19. Qc2 Rd7 20. a3 dxc3 21.
Qxc3 Qxc3 22. Rxc3 Red8 23. Rd1 Rd6 24. Kf1 Kf7 25.
Ke2 g5 26. h3 Nd7 27. Rdc1 Ke7 28. Nf1 Rf8 29. Ne3 Nb6 30. Nc4 Nxc4 31. Rxc4 Kd8 32.
Rd1 Rf7 33. d4 exd4 34. Nxd4 Nxd4+ 35. Rcxd4 Rfd7 36. Ke3 e5 37. Rxd6 Rxd6 38. Rxd6+ cxd6 39. g3 Ke7 40. f4 exf4+ 41. gxf4 gxf4+ 42. Kxf4 Kf6 43. a4 a5 44. b3 b6 45. h4 h5 46.
Kf3 Ke5 47. Ke3 d5 48. exd5 Kxd5 49. Kd3 Kc5 50. Kc3 Kd5 51. Kd3 Kc5 52. Kc3 Kd5 53.
Kd3 1/2-1/2

[Event "*** Titled Tuesday Blitz"]
[Site "Chess.com"]
[Date "2020.05.26"]
[Round "3"]
[White "KaterinaMiroshnik"]
[Black "KingChess345"]
[Result "1-0"]
[WhiteElo "2420"]
[BlackElo "2196"]
[TimeControl "180+1"]
[EndTime "10:28:20 PDT"]
[Termination "KaterinaMiroshnik won by resignation"]

1. d4 c5 2. c4 cxd4 3. Qxd4 Nc6 4. Qd1 g6 5. Nf3 Bg7 6. e3 Nf6 7. Be2 O-O 8. O-O d5 9. Nc3 dxc4 10. Bxc4 Bf5 11.
Qe2 a6 12. Rd1 Qc7 13. Bb3 Rfd8 14. e4 Bg4 15. Be3 Ne5 16. Rac1 Rxd1+ 17. Rxd1 Rd8 18.
Bd4 Bxf3 19. gxf3 Nc6 20. Be3 Nh5 21. Nd5 Qb8 22. Rc1 e6 23. Nc3 Nf4 24. Qf1 Ne5 25. Bd1 Ned3 26. Rb1 Nxb2 27. Rxb2 Bxc3 28. Rb1 Be5 29.
Bb3 Kg7 30. Kh1 h5 31. Rd1 Rxd1 32. Qxd1 Qd6 33. Qf1 Qd3 34. Qe1 Bd4 35. Qc1 Bxe3 36. fxe3 Nh3 37. Qe1 Ng5 38. Kg2 h4 39. Qf2 h3+ 40.
Kg3 Qd6+ 41. Kh4 Qe7 42. Kg3 Qd6+ 43. Kh4 f6 44. Bc2 Qb8 45. f4 Qh8+ 46. Kg3 Nf7 47. Qf3 g5 48. Kf2 Qh4+ 49. Kf1 g4 50. Qf2 e5 51. Qxh4 1-0

[Event "*** Titled Tuesday Blitz"]
[Site "Chess.com"]
[Date "2020.05.26"]
[Round "3"]
[White "Dinamo81"]
[Black "mishikomchedlishvili"]
[Result "1-0"]
[WhiteElo "2628"]
[BlackElo "2826"]
[TimeControl "180+1"]
[EndTime "10:28:22 PDT"]
[Termination "Dinamo81 won on time"]

1. d4 Nf6 2. Bf4 g6 3. Nc3 d6 4. e4 c6 5. Qd2 b5 6. e5 Nh5 7.
Be3 Bg7 8. f4 O-O 9. Nf3 d5 10.
a4 b4 11. Ne2 a5 12. Nc1 Bg4 13. Be2 Nd7 14. Nd3 e6 15. Nf2 Bxf3 16. Bxf3 f5 17.
Qe2 Qe8 18. Nd3 Kh8 19. O-O Rg8 20. Rac1 Nb6 21. b3 Nc8 22. c4 bxc3 23. Rxc3 Rb8 24. Rfc1 Rb6 25. Qd1 Bf8 26. Nc5 Ng7 27. Rd3 Qd8 28.
Bd2 Rb8 29. Qe1 Bxc5 30. Rxc5 g5 31. fxg5 Ne7 32. Bxa5 Qe8 33. Bd2 f4 34. Bxf4 Ngf5 35.
g4 Ng6 36. Bd2 Nfh4 37. Be2 Rf8 38. Rdc3 Qf7 39. Rxc6 Nf4 40. Bxf4 Qxf4 41. Rc7 Qxg5 42. Rh3 Rbc8 43. Rxc8 Rxc8 44. Qxh4 Rc1+ 45. Kg2 Qg6 46. Qf6+ 1-0

[Event "*** Titled Tuesday Blitz"]
[Site "Chess.com"]
[Date "2020.05.26"]
[Round "3"]
[White "NormWeinstein"]
[Black "MightyGMpretender"]
[Result "0-1"]
[WhiteElo "2361"]
[BlackElo "2566"]
[TimeControl "180+1"]
[EndTime "10:28:22 PDT"]
[Termination "MightyGMpretender won by resignation"]

1. e4 c5 2. Nf3 d6 3. Nc3 e5 4. Bc4 Nc6 5. d3 Be7 6. O-O Nf6 7. Ng5 O-O 8. f4 Na5 9. fxe5 dxe5 10. Bb3 Nxb3 11.
axb3 Bg4 12. Qe1 h6 13. Nf3 a6 14. Kh1 Nd7 15. Qg3 Bxf3 16. Rxf3 Bg5 17. Nd5 f6 18.
Bxg5 hxg5 19. Qg4 Re8 20. Raf1 Nf8 21. Qh5 Re6 22. Rg3 Qd7 23. h4 gxh4 24. Qxh4 Nh7 25.
Rh3 Ng5 26. Rg3 Rd6 27. c4 Rf8 28. Qh5 b5 29. Rf5 bxc4 30. bxc4 Qa4 31. Kh2 Qd7 32. Rg4 Qf7 33. Qh4 Qg6 34. Rfxg5 fxg5 35. Rxg5 Qh7 36. Rh5 Rh6 37. Ne7+ Kf7 38. Rf5+ Ke6 39. Rxe5+ Kxe5 40. Nc6+ Kd6 41. e5+ Kxc6 0-1

[Event "*** Titled Tuesday Blitz"]
[Site "Chess.com"]
[Date "2020.05.26"]
[Round "3"]
[White "moistketchup"]
[Black "Aya5ian"]
[Result "1-0"]
[WhiteElo "2160"]
[BlackElo "2297"]
[TimeControl "180+1"]
[EndTime "10:28:22 PDT"]
[Termination "moistketchup won by resignation"]

1. c4 g6 2. Nc3 Bg7 3. g3 d6 4. Bg2 Nd7 5. Nf3 Ngf6 6. O-O O-O 7. d4 e5 8. e4 exd4 9. Nxd4 Re8 10. Re1 a6 11. b3 Rb8 12. Bb2 c5 13. Nc2 Ne5 14. Ne3 Nc6 15. Qd2 Nd4 16. Nc2 Ng4 17. h3 Ne5 18. Nxd4 cxd4 19. Nd5 Bxh3 20. f4 Bxg2 21. Kxg2 Nc6 22. Re2 d3 23. Re3 Nd4 24. Rxd3 Ne6 25. Rh1 h5 26. Re3 Nc7 27. Bxg7 Kxg7 28. Qb2+ f6 29.
Nxc7 Qxc7 30. Qd4 Qc5 31. Rd1 Rbd8 32. Red3 Qc6 33. Kf3 b5 34. Qd5 Qxd5 35. Rxd5 bxc4 36. bxc4 Rc8 37. R1d4 Red8 38. Rxd6 Rxd6 39. Rxd6 Rxc4 40. Rxa6 Rc3+ 41. Kg2 Kh6 42. Rxf6 Rc2+ 43. Kh3 Rxa2 44. f5 Kh7 45. Rxg6 Re2 46. Re6 Kg7 47. Kh4 Re3 48. Rg6+ Kf7 49. Kxh5 Rxe4 50. g4 Re2 51. Kg5 Re1 52. Ra6 Rb1 53. Ra7+ Kf8 54.
Kg6 Rg1 55. g5 Ke8 56. f6 Rf1 57. Ra8+ Kd7 58. f7 Ke7 59. Re8+ Kd7 60. f8=Q 1-0

[Event "*** Titled Tuesday Blitz"]
[Site "Chess.com"]
[Date "2020.05.26"]
[Round "3"]
[White "Sweafty"]
[Black "Man-Chuk"]
[Result "0-1"]
[WhiteElo "2519"]
[BlackElo "2749"]
[TimeControl "180+1"]
[EndTime "10:28:23 PDT"]
[Termination "Man-Chuk won by resignation"]

1. d4 Nf6 2. c4 e6 3. Nc3 Bb4 4. f3 d5 5. a3 Be7 6. e4 dxe4 7. fxe4 c5 8. d5 exd5 9. exd5 O-O 10. Nf3 Bg4 11. Be2 Bd6 12. O-O Nbd7 13. Bg5 Qb8 14. h3 Bxf3 15. Bxf3 h6 16. Bh4 Bg3 17. Bxg3 Qxg3 18.
Qe1 Qxe1 19. Rfxe1 Nb6 20. b3 Nc8 21. b4 b6 22.
bxc5 bxc5 23. Nb5 a6 24. Nc3 Nd6 25. Na4 Rac8 26. Rac1 Rc7 27. Nb2 Rb8 28. Nd1 Nd7 29. Bg4 Nf6 30. Bf3 Rb3 31. a4 Rb4 32. Ne3 Rcb7 33.
a5 Ra4 34. Rb1 Rbb4 35. Rxb4 Rxb4 36. Rc1 g6 37. Kf2 Kg7 38. g4 Nd7 39. Be2 Ne5 40. h4 Rb2 41. h5 Ne4+ 42. Ke1 Kf6 43. hxg6 fxg6 44. Rc2 Rb1+ 45. Bd1 Kg5 46. Ra2 Nd3+ 47. Ke2 Nc1+ 48. Kf3 Nxa2 49. Kxe4 Nc3+ 50. Kd3 Nxd1 51. Nxd1 Rxd1+ 0-1